 Dungeon Crawl Stone Soup version 0.27-a0-34-gc18c9092ac (webtiles) character file.

Game seed: 9770750057462756297

9807 robertstho the Frost Mage (level 11, -3/123 HPs)
             Began as a Gnoll Ice Elementalist on Jan 4, 2021.
             Was an Elder of Vehumet.
             Slain by a vampire (8 damage)
             ... on level 11 of the Dungeon.
             The game lasted 00:28:39 (16462 turns).

robertstho the Frost Mage (Gnoll Ice Elementalist) Turns: 16462, Time: 00:28:40

Health: -3/123     AC: 11    Str: 11    XL:     11   Next: 52%
Magic:  16/23      EV: 17    Int: 21    God:    Vehumet [****..]
Gold:   590        SH:  0    Dex: 15    Spells: 11/26 levels left

rFire    . . .     SeeInvis .   e - +2 long sword (holy)
rCold    . . .     Faith    .   (no shield)
rNeg     . . .     Spirit   .   Q - +0 robe
rPois    .         Reflect  .   a - +0 helmet
rElec    .         Harm     .   o - +1 cloak
rCorr    +         Rampage  .   M - +2 pair of gloves {archery}
Will     .....                  n - +1 pair of boots
Stlth    ..........             (no amulet)
HPRegen  0.30/turn              G - ring of resist corrosion
MPRegen  0.18/turn              (no ring)

@: berserking, very quick
A: distributed training, fangs 1, strong nose
a: Renounce Religion


You were on level 11 of the Dungeon.
You worshipped Vehumet.
Vehumet was greatly pleased with you.
You visited 1 branch of the dungeon, and saw 11 of its levels.
You also visited: Bailey.

You collected 973 gold pieces.
You spent 383 gold pieces at shops.

Inventory:

Hand Weapons
 e - a +2 long sword of holy wrath (weapon)
 l - a +0 vorpal fustibalus
 u - a +2 short sword of electrocution
 C - a +0 vorpal shortbow
 J - a +0 halberd
 K - a +4 trident
Missiles
 c - 7 poisoned darts
 g - 314 stones
 j - 205 arrows
 p - 8 atropa-tipped darts
 s - 56 bolts
 v - 13 boomerangs
 D - 125 sling bullets
 E - 9 throwing nets
 I - 2 curare-tipped darts
Armour
 a - a +0 helmet (worn)
 f - a +2 robe of willpower
 n - a +1 pair of boots (worn)
 o - a +1 cloak (worn)
 H - a +3 ring mail of fire resistance
 M - a +2 pair of gloves of archery (worn)
 Q - a +0 robe (worn)
Jewellery
 G - a ring of resist corrosion (left hand)
Wands
 y - a wand of acid (2)
 F - a wand of iceblast (14)
 R - a wand of flame (36)
 U - a wand of disintegration (15)
Scrolls
 b - 3 scrolls of fog
 h - 4 scrolls of enchant armour
 i - a scroll of immolation
 k - 5 scrolls of magic mapping
 q - 3 scrolls of teleportation
 x - 3 scrolls of fear
 B - 7 scrolls of enchant weapon
 L - 2 scrolls of silence
 N - 2 scrolls of amnesia
 O - a scroll of blinking
 P - 6 scrolls of identify
Potions
 d - 2 potions of berserk rage
 m - a potion of ambrosia
 t - 3 potions of lignification
 w - 2 potions of cancellation
 z - 2 potions of mutation
 A - 2 potions of might
 T - a potion of flight {unknown}
 W - 2 potions of heal wounds {unknown}


   Skills:
 + Level 6.3 Fighting
 + Level 6.3 Short Blades
 + Level 6.3 Long Blades
 + Level 6.3 Axes
 + Level 6.3 Maces & Flails
 + Level 6.3 Polearms
 + Level 6.3 Staves
 + Level 6.3 Slings
 + Level 6.3 Bows
 + Level 6.3 Crossbows
 + Level 6.3 Throwing
 + Level 6.3 Armour
 + Level 7.9 Dodging
 + Level 7.7 Stealth
 + Level 6.3 Shields
 + Level 6.3 Unarmed Combat
 + Level 8.2 Spellcasting
 + Level 5.3 Conjurations
 + Level 5.3 Hexes
 + Level 5.3 Summonings
 + Level 5.3 Necromancy
 + Level 5.3 Translocations
 + Level 5.3 Transmutations
 + Level 5.3 Fire Magic
 + Level 9.0 Ice Magic
 + Level 5.3 Air Magic
 + Level 5.3 Earth Magic
 + Level 5.3 Poison Magic
 + Level 7.0 Invocations
 + Level 6.3 Evocations


You had 11 spell levels left.
You knew the following spells:

 Your Spells              Type           Power        Failure   Level
a - Freeze                Ice            100%         1%          1
b - Frozen Ramparts       Ice            92%          1%          3
c - Ozocubu's Armour      Ice            46%          1%          3
d - Hailstorm             Conj/Ice       38%          1%          4
e - Summon Ice Beast      Ice/Summ       38%          4%          4

Your spell library contained the following spells:

 Spells                   Type           Power        Failure   Level
 Inner Flame              Hex/Fire       30%          1%          3
 Beastly Appendage        Tmut           60%          1%          1
 Shock                    Conj/Air       100%         1%          1
 Poisonous Vapours        Pois/Air       60%          1%          2
 Swiftness                Air            30%          1%          2
 Wereblood                Tmut           30%          1%          2
 Conjure Flame            Conj/Fire      30%          1%          3
 Mephitic Cloud           Conj/Pois/Air  30%          1%          3
 Static Discharge         Conj/Air       30%          1%          3
 Spider Form              Tmut/Pois      15%          2%          3
 Airstrike                Air            15%          2%          4
 Ice Form                 Ice/Tmut       38%          4%          4
 Lightning Bolt           Conj/Air       15%          7%          5
 Freezing Cloud           Conj/Ice/Air   18%          21%         6
 Blade Hands              Tmut           15%          24%         5


Dungeon Overview and Level Annotations

Branches:
Dungeon (11/15)            Temple (0/1) D:4            Lair (0/6) D:10
 Bailey (visited)
    Orc: D:9-12

Altars:
Dithmenos
Hepliaklqana
Kikubaaqudgha
Nemelex Xobeh
Okawaru
Qazlal
Ru
Trog
Vehumet
Wu Jian
Xom

Shops:
D:5 ?   D:11 =

Annotations:
D:5 Scroll shop


Innate Abilities, Weirdness & Mutations

Your experience applies equally to all skills.
You have very sharp teeth.
Your uncanny sense of smell can sniff out nearby items.


Message History

* * * LOW HITPOINT WARNING * * *
Something bites you!
* * * LOW HITPOINT WARNING * * *
Something draws strength from your injuries!
Your ice beast barely misses something.
You hit something but do no damage. You bite something.
Something closely misses you. Something bites you.
* * * LOW HITPOINT WARNING * * *
Something draws strength from your injuries!
Your ice beast hits something but does no damage.
You miss something.
Your ice beast disappears in a puff of smoke!
Your ice beast closely misses something.
Something closely misses you. Something completely misses you.
A red film seems to cover your vision as you go berserk!
You feel yourself moving faster!
You feel mighty!
Your ice beast barely misses something.
Something hits you.
* * * LOW HITPOINT WARNING * * *
Something bites you!
You die...

#.......#######..........<......
#.......#.>...#.................
#.......#.....###########......#
#.......#.............. #......#
#.............. #......#
#.............. #......#
#.......Y...... #......#
#......{....#####......#
#......@....#..........'
#######'#+###..........#
.................#####..
.................#...#..
.................'...#..
.................#...#..
.................#...#..
.................###'#..
###############.........


You could see a friendly ice beast (summoned).

Vanquished Creatures
  A two-headed ogre (D:10)
  An unseen horror (D:11)
  Joseph (D:7)
  2 centaur skeletons
  Grinder (D:5)
  9 yaks
  A shadow (D:9)
  Menkaure (D:7)
  3 water moccasins
  2 ice beasts
  An orc warrior (D:7)
  4 sky beasts
  2 phantoms
  2 ogres
  2 eyes of draining
  4 wolves (D:10)
  4 centaurs
  A big kobold (D:8)
  Blork the orc (D:4)
  5 bullfrogs
  3 gnoll sergeants (Bailey)
  A water moccasin zombie (D:7)
  3 scorpions
  A water moccasin skeleton (D:11)
  3 killer bees (D:10)
  4 howler monkeys
  A jelly (D:11)
  2 electric eels (D:6)
  A bullfrog zombie (D:6)
  A quasit (D:10)
  A centaur zombie (D:11)
  3 orc priests
  5 orc wizards
  6 hounds
  4 iguanas
  3 bullfrog skeletons
  4 gnoll shamans (Bailey)
  Jessica (D:2)
  Ijyb (D:5)
  Natasha (thrice) (D:2)
  5 worker ants
  A killer bee zombie (D:9)
  7 hound skeletons
  2 worker ant zombies
  10 gnolls
  8 adders
  A shadow imp (D:10)
  A white imp (D:8)
  2 ufetubi
  An ooze (D:4)
  2 adder skeletons
  2 worms
  4 dart slugs (D:3)
  2 leopard geckos
  33 orcs
  5 bats
  5 giant cockroaches
  12 goblins
  13 hobgoblins
  19 jackals
  7 kobolds
  5 quokkas
  3 ball pythons
  2 frilled lizards (D:2)
  A jackal zombie (D:8)
  7 rats
259 creatures vanquished.

Vanquished Creatures (collateral kills)
  Harold (D:7)
  A troll (D:10)
  Eustachio (D:4)
  A wraith (D:11)
  An ice beast (D:7)
  5 gnoll sergeants (Bailey)
  5 electric eels
  2 hounds (Bailey)
  2 gnoll shamans (Bailey)
  A killer bee zombie (D:6)
  Robin (D:4)
  9 gnolls (Bailey)
  A hobgoblin (D:4)
31 creatures vanquished.

Vanquished Creatures (others)
  25 bushes (D:11)
  32 plants
57 creatures vanquished.

Grand Total: 347 creatures vanquished

Notes
Turn   | Place    | Note
-------+----------+-------------------------------------------
     0 | D:1      | robertstho the Gnoll Ice Elementalist began the quest for
                  | the Orb.
     0 | D:1      | Reached XP level 1. HP: 13/13 MP: 6/6
    24 | D:1      | Reached XP level 2. HP: 4/20 MP: 3/7
   655 | D:1      | Reached XP level 3. HP: 25/25 MP: 9/9
   659 | D:1      | Learned a level 3 spell: Frozen Ramparts
   663 | D:1      | Learned a level 3 spell: Ozocubu's Armour
  1004 | D:2      | Reached skill level 5 in Spellcasting
  1290 | D:2      | Found a sacrificial altar of Ru.
  1304 | D:2      | Noticed Natasha
  1312 | D:2      | Killed Natasha
  1313 | D:2      | Reached skill level 1 in Fighting
  1313 | D:2      | Reached skill level 1 in Short Blades
  1313 | D:2      | Reached skill level 1 in Long Blades
  1313 | D:2      | Reached skill level 1 in Axes
  1313 | D:2      | Reached skill level 1 in Maces & Flails
  1313 | D:2      | Reached skill level 1 in Polearms
  1313 | D:2      | Reached skill level 1 in Staves
  1313 | D:2      | Reached skill level 1 in Slings
  1313 | D:2      | Reached skill level 1 in Bows
  1313 | D:2      | Reached skill level 1 in Crossbows
  1313 | D:2      | Reached skill level 1 in Throwing
  1313 | D:2      | Reached skill level 1 in Armour
  1313 | D:2      | Reached skill level 1 in Shields
  1313 | D:2      | Reached skill level 1 in Unarmed Combat
  1313 | D:2      | Reached skill level 1 in Invocations
  1313 | D:2      | Reached skill level 1 in Evocations
  1323 | D:2      | Noticed Natasha
  1332 | D:2      | Killed Natasha
  1333 | D:2      | Reached XP level 4. HP: 19/32 MP: 8/11
  1370 | D:2      | Noticed Natasha
  1377 | D:2      | Killed Natasha
  1378 | D:2      | Reached skill level 1 in Conjurations
  1378 | D:2      | Reached skill level 1 in Hexes
  1378 | D:2      | Reached skill level 1 in Summonings
  1378 | D:2      | Reached skill level 1 in Necromancy
  1378 | D:2      | Reached skill level 1 in Translocations
  1378 | D:2      | Reached skill level 1 in Transmutations
  1378 | D:2      | Reached skill level 1 in Fire Magic
  1378 | D:2      | Reached skill level 1 in Air Magic
  1378 | D:2      | Reached skill level 1 in Earth Magic
  1378 | D:2      | Reached skill level 1 in Poison Magic
  1722 | D:2      | Noticed Jessica
  1729 | D:2      | Killed Jessica
  1730 | D:2      | Reached XP level 5. HP: 33/37 MP: 9/12
  1894 | D:2      | Learned a level 4 spell: Hailstorm
  2255 | D:3      | Found an iron altar of Okawaru.
  2258 | D:3      | Found a radiant altar of Vehumet.
  2282 | D:3      | Became a worshipper of Vehumet
  3234 | D:3      | Reached * piety under Vehumet
  3234 | D:3      | Offered knowledge of Magic Dart by Vehumet.
  3566 | D:4      | Reached XP level 6. HP: 44/44 MP: 9/13
  3623 | D:4      | Reached skill level 5 in Dodging
  3628 | D:4      | Learned a level 4 spell: Summon Ice Beast
  3739 | D:4      | Noticed Blork the orc
  3750 | D:4      | Killed Blork the orc
  3853 | D:4      | Found a staircase to the Ecumenical Temple.
  3866 | D:4      | Noticed Eustachio
  3899 | D:4      | Killed Eustachio
  3900 | D:4      | Reached XP level 7. HP: 20/51 MP: 8/15
  4086 | D:4      | Noticed Robin
  4098 | D:4      | Killed Robin
  4201 | D:5      | Entered Level 5 of the Dungeon
  4714 | D:5      | Found a shadowy altar of Dithmenos.
  4745 | D:5      | Noticed Ijyb
  4752 | D:5      | Killed Ijyb
  4818 | D:5      | Found an ancient bone altar of Kikubaaqudgha.
  4866 | D:5      | Offered knowledge of Shock by Vehumet.
  4867 | D:5      | Reached skill level 5 in Stealth
  5137 | D:5      | Reached ** piety under Vehumet
  5138 | D:5      | Reached XP level 8. HP: 57/57 MP: 16/16
  5270 | D:5      | Found Apont's Magic Scroll Shoppe.
  5273 | D:5      | Bought a scroll of identify for 22 gold pieces
  5273 | D:5      | Bought a scroll of noise for 11 gold pieces
  5273 | D:5      | Bought a scroll of amnesia for 38 gold pieces
  5273 | D:5      | Bought a scroll of teleportation for 33 gold pieces
  5273 | D:5      | Bought a scroll of fear for 38 gold pieces
  5462 | D:5      | Noticed Grinder
  5469 | D:5      | Paralysed by Grinder for 4 turns
  5487 | D:5      | Killed Grinder
  5582 | D:5      | Found a hazy altar of Hepliaklqana.
  8075 | D:7      | Found a sparkling altar of Nemelex Xobeh.
  8174 | D:7      | Noticed Joseph
  8175 | D:7      | Found a shimmering altar of Xom.
  8175 | D:7      | Found a shimmering altar of Xom.
  8175 | D:7      | Found a shimmering altar of Xom.
  8218 | D:7      | Found a shimmering altar of Xom.
  8223 | D:7      | Found a shimmering altar of Xom.
  8231 | D:7      | Found a shimmering altar of Xom.
  8242 | D:7      | Killed Joseph
  8243 | D:7      | Reached XP level 9. HP: 11/65 MP: 12/18
  8810 | D:7      | Noticed Harold
  8836 | D:7      | Killed Harold
  8837 | D:7      | Reached skill level 8 in Ice Magic
  8841 | D:7      | Noticed Menkaure
  8851 | D:7      | Killed Menkaure
  9381 | D:8      | Found a stormy altar of Qazlal.
  9459 | D:8      | Reached skill level 5 in Invocations
  9678 | D:8      | Found an ornate altar of the Wu Jian Council.
  9751 | D:8      | Found a flagged portal.
  9759 | Bailey   | Entered a bailey
  9767 | Bailey   | Offered knowledge of Static Discharge by Vehumet.
 10132 | Bailey   | Reached *** piety under Vehumet
 10169 | Bailey   | Reached XP level 10. HP: 13/73 MP: 4/20
 11044 | D:8      | Found a bloodstained altar of Trog.
 11056 | D:8      | Reached skill level 5 in Fighting
 11056 | D:8      | Reached skill level 5 in Short Blades
 11056 | D:8      | Reached skill level 5 in Long Blades
 11056 | D:8      | Reached skill level 5 in Axes
 11056 | D:8      | Reached skill level 5 in Maces & Flails
 11056 | D:8      | Reached skill level 5 in Polearms
 11056 | D:8      | Reached skill level 5 in Staves
 11056 | D:8      | Reached skill level 5 in Slings
 11056 | D:8      | Reached skill level 5 in Bows
 11056 | D:8      | Reached skill level 5 in Crossbows
 11056 | D:8      | Reached skill level 5 in Throwing
 11056 | D:8      | Reached skill level 5 in Armour
 11056 | D:8      | Reached skill level 5 in Shields
 11056 | D:8      | Reached skill level 5 in Unarmed Combat
 11056 | D:8      | Reached skill level 5 in Evocations
 11201 | D:8      | Offered knowledge of Ignite Poison by Vehumet.
 11727 | D:5      | Bought a scroll of magic mapping for 38 gold pieces
 11727 | D:5      | Bought a scroll of teleportation for 33 gold pieces
 11727 | D:5      | Bought a scroll of identify for 22 gold pieces
 11727 | D:5      | Bought a scroll of identify for 22 gold pieces
 11727 | D:5      | Bought 2 scrolls of identify for 44 gold pieces
 11727 | D:5      | Bought a scroll of silence for 82 gold pieces
 12442 | D:9      | Reached **** piety under Vehumet
 12650 | D:10     | Entered Level 10 of the Dungeon
 12893 | D:10     | Found a staircase to the Lair.
 12907 | D:10     | Offered knowledge of Inner Flame by Vehumet.
 13470 | D:10     | HP: 3/76 [electric eel/bolt of electricity (7)]
 14289 | D:10     | Noticed a two-headed ogre
 14298 | D:10     | Killed a two-headed ogre
 14299 | D:10     | Reached XP level 11. HP: 39/81 MP: 18/22
 14928 | D:11     | Reached skill level 5 in Conjurations
 14928 | D:11     | Reached skill level 5 in Hexes
 14928 | D:11     | Reached skill level 5 in Summonings
 14928 | D:11     | Reached skill level 5 in Necromancy
 14928 | D:11     | Reached skill level 5 in Translocations
 14928 | D:11     | Reached skill level 5 in Transmutations
 14928 | D:11     | Reached skill level 5 in Fire Magic
 14928 | D:11     | Reached skill level 5 in Air Magic
 14928 | D:11     | Reached skill level 5 in Earth Magic
 14928 | D:11     | Reached skill level 5 in Poison Magic
 15256 | D:11     | Killed an unseen horror
 16006 | D:11     | Found Operogh's Jewellery Emporium.
 16046 | D:11     | Reached skill level 9 in Ice Magic
 16462 | D:11     | HP: 5/123 [something (4)]
 16462 | D:11     | Slain by a vampire

Illustrated notes

Levels and vault maps discovered:
D:1:      dpeg_arrival_solitude, layout_loops_ring
D:2:      layout_basic, nicolae_ru_awakened_eye, serial_bayou_pond_c,
          lightli_corner_chamber, uniq_jessica, uniq_natasha
D:3:      layout_basic, grunt_temple_overflow_open, st_stairs_3, nrook_campfire
D:4:      layout_basic, minmay_temple_entry_trees, grunt_ministairs_2,
          hangedman_decor_opposing, uniq_blork_the_orc, uniq_robin,
          uniq_eustachio
D:5:      layout_loops_ring, lemuel_round_altar, general_overflow_altar,
          nicolae_dithmenos_the_darkroom, serial_shops, kennysheep_mini_moat,
          uniq_grinder, uniq_ijyb
D:6:      layout_layer_cave, serial_bayou, serial_bayou_shore_a,
          serial_bayou_ford_a, serial_bayou_pond_c, serial_bayou_lagoon_a
D:7:      layout_basic, nemelex_xobeh_ov_fountains_minmay, xom_redecorated,
          uniq_harold, uniq_joseph, uniq_menkaure
D:8:      layout_basic, lemuel_crystal_altar, bloody_trog,
          pdpol_wu_jian_five_deadly_venoms, enter_bailey_4, serial_rivers,
          chequers_serial_rivers_small_3, chequers_serial_rivers_large_a,
          chequers_serial_rivers_micro_d, chequers_serial_rivers_micro_b,
          chequers_serial_rivers_room_a
D:9:      layout_irregular_city, grunt_ministairs_13
D:10:     layout_loops_corners, erik_lair_island, serial_aquarium,
          aquarium_bridge_long_joined [aquarium_subvault_wall,
          aquarium_subvault_window, aquarium_subvault_bridge,
          aquarium_subvault_bridge, aquarium_subvault_bridge,
          aquarium_subvault_wall], aquarium_window_3, aquarium_window_double,
          aquarium_view_2e, aquarium_view_2c
D:11:     layout_irregular_city, serial_shops, shop_fountains,
          minmay_misc_feat_tower, minmay_hedge_maze

Skill      XL: |  1  2  3  4  5  6  7  8  9 10 11 |
---------------+----------------------------------+-----
Spellcasting   | 5 6 7 8 |  8.2
Fighting       | 1 2 4 5 6 |  6.3
Short Blades   | 1 2 4 5 6 |  6.3
Long Blades    | 1 2 4 5 6 |  6.3
Axes           | 1 2 4 5 6 |  6.3
Maces & Flails | 1 2 4 5 6 |  6.3
Polearms       | 1 2 4 5 6 |  6.3
Staves         | 1 2 4 5 6 |  6.3
Slings         | 1 2 4 5 6 |  6.3
Bows           | 1 2 4 5 6 |  6.3
Crossbows      | 1 2 4 5 6 |  6.3
Throwing       | 1 2 4 5 6 |  6.3
Armour         | 1 2 4 5 6 |  6.3
Shields        | 1 2 4 5 6 |  6.3
Unarmed Combat | 1 2 4 5 6 |  6.3
Invocations    | 1 2 3 4 5 6 7 |  7.0
Evocations     | 1 2 4 5 6 |  6.3
Conjurations   | 1 2 3 4 5 |  5.3
Hexes          | 1 2 3 4 5 |  5.3
Summonings     | 1 2 3 4 5 |  5.3
Necromancy     | 1 2 3 4 5 |  5.3
Translocations | 1 2 3 4 5 |  5.3
Transmutations | 1 2 3 4 5 |  5.3
Fire Magic     | 1 2 3 4 5 |  5.3
Air Magic      | 1 2 3 4 5 |  5.3
Earth Magic    | 1 2 3 4 5 |  5.3
Poison Magic   | 1 2 3 4 5 |  5.3
Dodging        | 5 6 7 |  7.9
Stealth        | 5 6 7 |  7.7
Ice Magic      | 8 9 |  9.0

Action                   |  1- 3 |  4- 6 |  7- 9 | 10-12 || total
-------------------------+-------+-------+-------+-------++-------
Melee: Dagger            |     6 |       |       |       ||     6
       Bite              |     1 |     8 |    14 |    37 ||    60
       Long sword        |       |    34 |   114 |    15 ||   163
       Short sword       |       |     3 |       |       ||     3
       Punch             |       |     1 |     3 |     4 ||     8
       Trident           |       |       |       |   354 ||   354
       Halberd           |       |       |       |     1 ||     1
 Fire: Hunting sling     |    61 |   152 |       |       ||   213
       Fustibalus        |       |       |   179 |       ||   179
 Cast: Freeze            |    14 |     4 |       |       ||    18
       Frozen Ramparts   |       |     5 |    14 |    16 ||    35
       Summon Ice Beast  |       |     2 |    40 |    26 ||    68
       Hailstorm         |       |       |     4 |    10 ||    14
       Ozocubu's Armour  |       |       |     1 |     1 ||     2
Evoke: Wand              |       |       |     1 |     3 ||     4
  Use: Scroll            |       |     6 |     9 |     5 ||    20
       Potion            |       |     1 |     2 |     2 ||     5
 Stab: Sleeping          |     2 |     3 |     5 |    15 ||    25
       Distracted        |       |       |     1 |     4 ||     5
Armor: Robe              |     9 |    20 |    86 |   109 ||   224
Dodge: Dodged            |    46 |    87 |   183 |   282 ||   598
       Rpst.: Long sword |       |    12 |    25 |     3 ||    40

Table legend: (Time is in decaauts)
 A = Elapsed time spent in this place.
 B = Non-inter-level travel time spent in this place.
 C = Inter-level travel time spent in this place.
 D = Time resting spent in this place.
 E = Time spent auto-exploring this place.
 F = Levels seen in this place.
 G = Mean time per level.
                   A        B        C        D        E       F      G
               +--------+--------+--------+--------+--------+-----+--------+
         Total |  16662 |  16114 |    548 |   3202 |  10213 |  12 | 1388.5 |
       Dungeon |  15532 |  14984 |    548 |   2656 |   9911 |  11 | 1412.0 |
        Bailey |   1130 |   1130 |      0 |    546 |    302 |   1 | 1130.0 |
               +--------+--------+--------+--------+--------+-----+--------+

Top non-repeatable levels by time:
     D:6: 2405 daAuts
    D:10: 2205 daAuts
    D:11: 1622 daAuts
     D:7: 1389 daAuts
     D:4: 1364 daAuts
     D:8: 1339 daAuts
     D:2: 1278 daAuts
  Bailey: 1130 daAuts
     D:3: 1086 daAuts
     D:5: 1008 daAuts
     D:1: 993 daAuts
     D:9: 839 daAuts
